 Dungeon Crawl Stone Soup version 0.18-a0-1425-gfc200da (webtiles) character file.

90 sugabear the Cudgeler (level 4, -4/23 HPs)
             Began as a Vine Stalker Gladiator on Feb 18, 2016.
             Was an Initiate of Hepliaklqana.
             Killed from afar by Inquiry's ghost (14 damage)
             ... with a spray of energy
             ... on level 4 of the Dungeon.
             The game lasted 00:03:41 (2044 turns).

sugabear the Cudgeler (Vine Stalker Gladiator)      Turns: 2044, Time: 00:03:42

Health: -4/23      AC:  6    Str: 18    XL:     4   Next: 56%
Magic:  0/5        EV: 11    Int:  8    God:    Hepliaklqana [......]
Gold:   124        SH:  3    Dex: 15    Spells: 0 memorised, 3 levels left

rFire  . . .     SeeInvis .     a - +0 flail
rCold  . . .     Gourm    .     o - +0 ring mail (curse)
rNeg   . . .     Faith    .     h - +0 buckler
rPois  .         Spirit   +     c - +0 helmet
rElec  .         Dismiss  .     (no cloak)
rCorr  .         Reflect  .     (no gloves)
SustAt .         Harm     .     (no boots)
MR     .....                    (no amulet)
Stlth  +.........               (no ring)
                                (no ring)

@: not resistant to hostile enchantments, very unstealthy
A: fangs 2, regeneration 1, magic shield, antimagic bite, no device heal 3, rot
immunity
a: Renounce Religion


You were on level 4 of the Dungeon.
You worshipped Hepliaklqana.
Hepliaklqana was noncommittal.
You were not hungry.

You visited 1 branch of the dungeon, and saw 4 of its levels.

You collected 124 gold pieces.

Inventory:

Hand Weapons
 a - a +0 flail (weapon)
Missiles
 d - 3 throwing nets (quivered)
Armour
 c - a +0 helmet (worn)
 h - a +0 buckler (worn)
 o - a cursed +0 ring mail (worn)
 q - a +1 leather armour of cold resistance
Wands
 n - a wand of slowing (11/48)
Scrolls
 b - 6 scrolls of identify {unknown}
 j - 7 scrolls of remove curse {unknown}
 r - a scroll of fear {unknown}
 s - a scroll of random uselessness {unknown}
Potions
 e - a potion of cancellation {unknown}
 i - a potion of curing
 k - a potion of degeneration {unknown}
 l - a potion of magic {unknown}
 m - a potion of resistance {unknown}
Comestibles
 f - 3 bread rations
 g - a meat ration
 p - a chunk of flesh


   Skills:
 + Level 2.7 Fighting
 + Level 3.3 Maces & Flails
 + Level 1.7 Throwing
 + Level 1.2 Armour
 + Level 2.8 Dodging
 + Level 0.1 Shields


You had 3 spell levels left.
You didn't know any spells.

Dungeon Overview and Level Annotations

Branches:
Dungeon (4/15)
 Temple: D:4-7

Altars:
Cheibriados
Hepliaklqana
Kikubaaqudgha
Ukayaw

Annotations:
D:4 Inquiry's ghost, amateur DECj


Innate Abilities, Weirdness & Mutations

You have extremely sharp teeth.
Your natural rate of healing is unusually fast.
When hurt, damage is shared between your health and your magic reserves.
Your bite disrupts and absorbs the magic of your enemies.
Potions and wands cannot restore your health.
You are immune to rotting.


Message History

You block Inquiry's ghost's attack.
You closely miss Inquiry's ghost.
You bite Inquiry's ghost, but do no damage.
Inquiry's ghost is moderately damaged.
Inquiry's ghost hits you. x2
You hit Inquiry's ghost but do no damage.
You bite Inquiry's ghost, but do no damage.
Inquiry's ghost is moderately damaged.
Inquiry's ghost hits you but does no damage.
Number of times to repeat, then command key: You must enter the number of times for the command to repeat.
Unknown command.
Unknown command.
Okay, then.
Inquiry's ghost casts a spell at you. The spray of energy misses you.
Inquiry's ghost gestures at you while chanting.
The spray of energy hits you!
Ouch! That really hurt!
You die...

### ..
.###.# ###
...... ..#
......##.###
.........
######..#.##
..........@#
####..W#.##
#.....#
#.#..##
#.##.# . #.#
#. #.. . ##.
.. .#


You could see Inquiry's ghost.

Vanquished Creatures
  A gnoll (D:3)
  An adder (D:3)
  An ooze (D:1)
  3 worms
  3 giant geckos
  7 orcs (D:3)
  2 giant cockroaches
  5 goblins
  8 hobgoblins
  A kobold (D:3)
  A ball python (D:3)
  2 bats (D:1)
  2 giant newts (D:3)
  6 rats
43 creatures vanquished.

Vanquished Creatures (collateral kills)
  A worm (D:3)
  A giant gecko (D:3)
  An orc (D:3)
  A hobgoblin (D:3)
  A kobold (D:3)
5 creatures vanquished.

Vanquished Creatures (others)
  An ancestor (D:4)
1 creature vanquished.

Grand Total: 49 creatures vanquished

Notes
Turn   | Place    | Note
--------------------------------------------------------------
     0 | D:1      | sugabear the Vine Stalker Gladiator began the quest for the Orb.
     0 | D:1      | Reached XP level 1. HP: 11/11 MP: 2/2
   172 | D:1      | Reached XP level 2. HP: 15/15 MP: 3/3
   605 | D:1      | Reached skill level 3 in Maces & Flails
   880 | D:2      | Reached XP level 3. HP: 14/18 MP: 4/4
  1316 | D:2      | Found an ancient bone altar of Kikubaaqudgha.
  1317 | D:2      | Found a hazy altar of Hepliaklqana.
  1325 | D:2      | Became a worshipper of Hepliaklqana
  1414 | D:2      | Found a hide-covered altar to Ukayaw.
  1635 | D:3      | Found a snail-covered altar of Cheibriados.
  1647 | D:3      | Reached skill level 1 in Armour
  1729 | D:3      | Reached XP level 4. HP: 21/23 MP: 5/5
  2015 | D:4      | Noticed Inquiry's ghost (amateur DECj)
  2032 | D:4      | Your ally Shatamurrim died
  2044 | D:4      | Killed from afar by Inquiry's ghost

Vault maps used:
D:1:      lordsloth_arrival_two_stooges
D:2:      marbit_many_paths, gammafunk_temple_overflow_pools, first_bread,
          minivault_14
D:3:      cheibriados_altar_wand_db, nicolae_overflow_hidden_temple
D:4:      lemuel_crystal_altar, minmay_splitting_lines,
          johnstein_pakellas_death_squad, uniq_eustachio

Action                   |  1- 3 |  4- 6 || total
-------------------------+-------+-------++-------
Melee: Flail             |    95 |    55 ||   150
  Use: Potion            |     1 |       ||     1
  Eat: Chunk             |     3 |     1 ||     4
